 Dungeon Crawl Stone Soup version 0.17-a0-2144-gd7f430c (webtiles) character file.

122 Eptagon the Sneak (level 5, -3/24 HPs)
             Began as a Vine Stalker Enchanter on Oct 24, 2015.
             Killed from afar by a hobgoblin (6 damage)
             ... with a wand of flame
             ... on level 3 of the Dungeon.
             The game lasted 00:07:43 (2535 turns).

Eptagon the Sneak (Vine Stalker Enchanter)          Turns: 2535, Time: 00:07:43

Health: -3/24      AC:  7    Str: 11    XL:     5   Next: 6%
Magic:  0/10       EV: 12    Int: 15    God:
Gold:   65         SH:  0    Dex: 15    Spells: 4 memorised, 1 level left

rFire  . . .     SeeInvis .     a - +1 dagger
rCold  . . .     Clarity  .     i - +1 robe
rNeg   . . .     SustAt   .     (no shield)
rPois  .         Gourm    .     (no helmet)
rElec  .         Spirit   +     (no cloak)
rCorr  .         Warding  .     j - +0 pair of gloves
rMut   .         Stasis   .     k - +2 pair of boots
MR     .....                    (no amulet)
Stlth  +++.......               (no ring)
                                (no ring)

@: not resistant to hostile enchantments, fairly stealthy
A: fangs 2, regeneration 1, magic shield, antimagic bite, no device heal 3, rot
immunity
a: no special abilities


You were on level 3 of the Dungeon.
You were not hungry.

You visited 1 branch of the dungeon, and saw 3 of its levels.

You collected 65 gold pieces.

Inventory:

Hand Weapons
 a - a +1 dagger (weapon)
 b - a +0 dagger of freezing
Missiles
 h - 2 needles of frenzy
 n - 8 poisoned needles
Armour
 i - a +1 robe (worn)
 j - a +0 pair of gloves (worn)
 k - a +2 pair of boots (worn)
 q - a +0 helmet
Jewellery
 p - an uncursed ring of poison resistance {unknown}
Scrolls
 e - 2 scrolls of identify {unknown}
 f - a scroll of enchant armour {unknown}
 m - a scroll of blinking {unknown}
 o - a scroll of teleportation {unknown}
Potions
 l - a potion of curing {unknown}
 r - a potion of mutation {unknown}
Books
 c - a book of Maledictions

   Spells                             Type                      Level
   a - Corona                         Hexes                        1
   b - Ensorcelled Hibernation        Hexes/Ice                    2
   c - Confuse                        Hexes                        3
   d - Tukima's Dance                 Hexes                        3
   e - Dazzling Spray                 Conjuration/Hexes            3
Comestibles
 d - 2 bread rations
 g - 2 meat rations
 s - 2 chunks of flesh


   Skills:
 - Level 0.8 Short Blades
 - Level 1.5 Dodging
 + Level 4.9 Stealth
 + Level 3.1 Spellcasting
 * Level 4.3 Hexes


You had one spell level left.
You knew the following spells:

 Your Spells              Type           Power        Failure   Level  Hunger
a - Ensorcelled Hibernat  Hex/Ice        #.....       14%         2    ##.....
c - Confuse               Hex            ###.....     12%         3    ###....
d - Tukima's Dance        Hex            ###.....     12%         3    ###....
Z - Corona                Hex            ###....      3%          1    #......


Dungeon Overview and Level Annotations

Branches:
Dungeon (3/15)

Altars:
Cheibriados
Sif Muna
Vehumet

Annotations:
D:3 Arkorax's ghost, amateur OgBe


Innate Abilities, Weirdness & Mutations

You have extremely sharp teeth.
Your natural rate of healing is unusually fast.
When hurt, damage is shared between your health and your magic reserves.
Your bite disrupts and absorbs the magic of your enemies.
Potions and wands cannot restore your health.
You are immune to rotting.


Message History

The hobgoblin zaps a wand.
The puff of flame hits you!
Casting: Confuse
Confirm with . or Enter, or press ? or * to list all spells.
Aiming: Confuse
Press: ? - help, Shift-Dir - straight line, f/p - Arkorax's ghost
Aim: Arkorax's ghost (confused, chance to defeat MR: 34%) Arkorax's ghost appears confused.
The hobgoblin zaps a wand.
The puff of flame hits you!
Casting: Confuse
Confirm with . or Enter, or press ? or * to list all spells.
You don't have enough magic to cast that spell.
The hobgoblin zaps a wand.
The puff of flame hits you!
* * * LOW HITPOINT WARNING * * *
You aren't carrying any items that can be evoked.
Read which item? (? for menu, Esc to quit)
Okay, then.
The hobgoblin zaps a wand.
The puff of flame hits you!
* * * LOW HITPOINT WARNING * * *
The hobgoblin zaps a wand.
The puff of flame hits you!
You die...

#.# ###### #.## ##....### #..#
........# ##.# ##.##.#.# #.#
########## #)##.#.# #.#
#[..W....# ##.##.#.####.####
##.######.#
..>##.#<........#####...## #.#
#####.##.##.....@...g....# #s#
#####.##.##).########.>..####g###
...)...#.##..#########.........).
#####..#...)...............#...##
#([.......#.)####.####.#.........
#[###.............# #.#...#...##
#.####.#..#..###### #.#....$..#
#............... #.#.#._.#..#
...###.#........# .....%....#


You could see a hobgoblin.

Vanquished Creatures
  2 gnolls (D:3)
  3 adders
  2 worms
  3 giant geckos
  3 orcs (D:3)
  4 bats
  4 giant cockroaches
  9 goblins
  8 hobgoblins
  A quokka (D:2)
  2 ball pythons (D:2)
  4 giant newts
  8 kobolds
  6 rats
59 creatures vanquished.

Vanquished Creatures (collateral kills)
  2 gnolls (D:3)
  A kobold (D:3)
3 creatures vanquished.

Vanquished Creatures (others)
  A dancing weapon (D:3)
1 creature vanquished.

Grand Total: 63 creatures vanquished

Notes
Turn   | Place    | Note
--------------------------------------------------------------
     0 | D:1      | Eptagon the Vine Stalker Enchanter began the quest for the Orb.
     0 | D:1      | Reached XP level 1. HP: 9/9 MP: 4/4
   162 | D:1      | Reached XP level 2. HP: 13/13 MP: 6/6
   256 | D:1      | Reached skill level 4 in Stealth
   785 | D:1      | Learned a level 2 spell: Ensorcelled Hibernation
   817 | D:1      | Reached XP level 3. HP: 14/16 MP: 7/7
   825 | D:1      | Learned a level 3 spell: Confuse
   959 | D:2      | Found a snail-covered altar of Cheibriados.
  1377 | D:2      | Found a deep blue altar of Sif Muna.
  1708 | D:3      | Reached XP level 4. HP: 21/21 MP: 6/9
  1788 | D:3      | Noticed Arkorax's ghost (amateur OgBe)
  2051 | D:3      | Learned a level 3 spell: Tukima's Dance
  2111 | D:3      | Found a radiant altar of Vehumet.
  2453 | D:3      | Reached XP level 5. HP: 14/24 MP: 4/10
  2535 | D:3      | Killed from afar by a hobgoblin

Vault maps used:
D:1:      co_arrival_random_square_maze
D:2:      lemuel_coloured_pillars_altar, nicolae_overflow_crystal_walls
D:3:      vehumet_altar_wand_db, lemuel_crystal_altar,
          overflow_temple_1_default, ecumenical_altar_1, minmay_door_square

Action                   |  1- 3 |  4- 6 || total
-------------------------+-------+-------++-------
Melee: Dagger            |   141 |    62 ||   203
 Cast: Ensorcelled Hiber |     1 |     2 ||     3
       Confuse           |       |     9 ||     9
       Tukima's Dance    |       |     5 ||     5
 Stab: Sleeping          |    10 |     4 ||    14
       Confused          |       |     1 ||     1
  Eat: Chunk             |     3 |     4 ||     7
